 Dungeon Crawl Stone Soup version 0.28-a0-1152-g9c71ebef14 (webtiles) character file.

Game seed: 11157604237237726668

6 spaghetti the Sneak (level 1, -6/18 HPs)
             Began as a Mummy Delver on Dec 14, 2021.
             Mangled by an orc priest (9 damage)
             ... on level 4 of the Dungeon.
             The game lasted 00:01:26 (471 turns).

spaghetti the Sneak (Mummy Delver)                   Turns: 471, Time: 00:01:27

Health: -6/18      AC:  3    Str: 15    XL:     1   Next: 75%
Magic:  2/2        EV: 11    Int:  9    God:
Gold:   0          SH:  0    Dex: 13    Spells: 2/2 levels left

rFire   x . .      SeeInvis .   e - +2 dagger (speed) {short}
rCold   + . .      Faith    .   (no shield)
rNeg    + + +      Spirit   .   b - +0 leather armour
rPois   ∞          Reflect  .   (no helmet)
rElec   .          Harm     .   (no cloak)
rCorr   .          Rampage  .   (no gloves)
Will    .....                   (no boots)
Stlth   ++........              (no amulet)
HPRegen 0.06/turn               (no ring)
MPRegen 0.08/turn               (no ring)

@: no status effects
A: cold resistance 1, negative energy resistance 3, torment resistance 2, heat
vulnerability 1, no potions
a: no special abilities


You were on level 4 of the Dungeon.
You visited 1 branch of the dungeon, and saw 3 of its levels.


Innate Abilities, Weirdness & Mutations

You are immune to poison.
Your flesh is cold resistant. (rC+)
You are immune to negative energy. (rN+++)
You are immune to unholy pain and torment.
You are vulnerable to heat. (rF-)
You do not drink.


   Skills:
 - Level 3.0 Fighting
 + Level 0.4(1.1) Short Blades
 - Level 1.5(1.6) Long Blades
 - Level 1.5 Dodging
 - Level 4.1 Stealth
 + Level 1.3 Spellcasting


You had 2 spell levels left.
You didn't know any spells.
Your spell library was empty.

Inventory:

Hand Weapons
 a - a +0 falchion {long}
 e - a +2 dagger of speed (weapon) {short}
   (You took it off a kobold on level 4 of the Dungeon)
Missiles
 h - 8 poisoned darts (quivered) {throwing}
 k - 2 stones {throwing}
 l - 22 sling bullets
Armour
 b - a +0 leather armour (worn)
Wands
 f - a wand of digging (3)
Scrolls
 c - a scroll of fog
 d - a scroll of magic mapping {!r}
 g - a scroll of blinking {unknown}
 i - a scroll of acquirement {unknown}
 j - a scroll of vulnerability {unknown}

Dungeon Overview and Level Annotations

Branches:
Dungeon (6/15)
 Temple: D:4-7

Altars:
Makhleb

......≈.#.....≈..#
......≈.#._.#.≈..#
......≈.....#.≈..#
......≈.#####.≈..#
......≈.......≈..#
.....!≈≈≈≈≈≈≈≈≈..#
...!.............###
....###............#
....# ....#...o@o.#
....# ##.#....oo.#
...... ##.#....#
.###.. #.#....#
.....### ....#.. ..
..##. ..S .


You could see an orc priest, 3 orcs and a ball python.


Message History

Unknown command.
Unknown command.
Setting a skill training target for Short Blades at 10.0.
Unknown command.
Unknown command.
Okay, then.
Unknown command.
A kobold comes into view. It is wielding a +0 dagger. 😨 HP[+2]
You regained 2 hp, and now have 8/18 hp.
A kobold is nearby! 😨 HP[+1]
You are too injured to fight recklessly!
You hit the kobold. You barely miss the kobold.
The kobold hits you with a +0 dagger.
* * * LOW HITPOINT WARNING * * *
😨 HP[-2]
You take 2 damage, and now have 7/18 hp.
You hit the kobold.
You kill the kobold!
Your Spellcasting skill increases to level 1!
You start resting. 😎 HP[+11]
Your hp is fully restored (18).
Things that are here:
a +0 dagger {short}; a kobold corpse An endoplasm comes into view.
An endoplasm is nearby!
You see here a scroll labelled NAOXTEZXIG.
i - a scroll labelled NAOXTEZXIG You see here a scroll labelled FAOGATIPNUS.
j - a scroll labelled FAOGATIPNUS You strike the helpless endoplasm from behind!
You puncture the endoplasm!
You kill the endoplasm!
The kobold shouts!
The kobold closely misses you.
You closely miss the kobold. The kobold closely misses you.
You closely miss the kobold. The kobold closely misses you.
You closely miss the kobold. You hit the kobold.
The kobold hits you with a +0 short sword.
You closely miss the kobold.
The kobold hits you with a +0 short sword.
You hit the kobold.
You kill the kobold! 😕 HP[-4]
You take 4 damage, and now have 14/18 hp.
MASSIVE DAMAGE!! (PAUSE) Unknown command.
k - 2 stones {throwing} You see here a +0 short sword {short}. 😎 HP[+4]
Your hp is fully restored (18).
Found a burning altar of Makhleb.
l - 22 sling bullets An orc priest comes into view.
It is wielding a +0 flail.
An orc priest is nearby!
An orc comes into view. It is wielding a +0 whip.
The orc priest shouts!
An orc comes into view. It is wielding a +0 hand axe.
The orc shouts!
An orc comes into view. It is wielding a +0 short sword.
The orc priest misses you.
You closely miss the orc priest. The orc priest misses you.
The orc shouts! x2
You hit the orc priest.
You hear an angry hiss.
You barely miss the orc priest. The orc priest closely misses you.
You hit the orc priest.
The orc priest hits you with a +0 flail! 😮 HP[-7]
You take 7 damage, and now have 11/18 hp.
MASSIVE DAMAGE!! (PAUSE)
You hit the orc priest but do no damage.
You hit the orc priest. The orc priest barely misses you.
The orc hits you but does no damage.
You closely miss the orc priest.
Unknown command.
You barely miss the orc priest.
The orc priest hits you with a +0 flail!
* * * LOW HITPOINT WARNING * * *
The orc hits you with a +0 whip.
* * * LOW HITPOINT WARNING * * *
A ball python comes into view. 😱 HP[-8]
You take 8 damage, and now have 3/18 hp.
MASSIVE DAMAGE!! (PAUSE) Unknown command.
Okay, then.
Okay, then.
You can't drink.
Unknown command.
Okay, then.
You can't drink.
The ball python hisses angrily.
You hit the orc priest.
The orc priest hits you with a +0 flail!
Ouch! That really hurt!
You die...

Skill      XL: |  1 |
---------------+----+-----
Spellcasting   | 1 |  1.3
Fighting       | |  3.0
Short Blades   | |  0.4
Long Blades    | |  1.5
Dodging        | |  1.5
Stealth        | |  4.1

Action                   || total
-------------------------++-------
Melee: Dagger            ||    19
       Falchion          ||     4
  Use: Scroll            ||     1
 Stab: Distracted        ||     1
Armor: Leather armour    ||     1
Dodge: Dodged            ||     7

Levels and vault maps discovered:
D:4:      layout_cave_pools, mainiacjoe_overflow_brackets,
          gammafunk_ghost_arena, minmay_distorted, uniq_grinder
D:5:      layout_basic, nemelex_dance_club_becter, uniq_edmund
D:6:      layout_basic, mainiacjoe_overflow_alcove_1,
          nicolae_elyvilon_temple_path, minmay_overflow_temple_star_hex,
          minmay_misc_feat_tower

Notes
Turn   | Place    | Note
-------+----------+-------------------------------------------
     0 | D:5      | spaghetti the Mummy Delver began the quest for the Orb.
     0 | D:5      | Reached XP level 1. HP: 18/18 MP: 1/1
     0 | D:5      | magus.rc [v1.9.6]
     3 | D:6      | Noticed an orc wizard
     6 | D:6      | Noticed an orc warrior
     9 | D:6      | Noticed an orc wizard
    11 | D:5      | HP: 4/18 [orc (4)]
    79 | D:5      | Noticed an ogre
   172 | D:4      | Reached skill level 1 in Spellcasting
   450 | D:4      | Found a burning altar of Makhleb.
   458 | D:4      | Noticed an orc priest
   470 | D:4      | HP: 4/18 [orc priest (7)]
   471 | D:4      | Mangled by an orc priest

Vanquished Creatures
  An endoplasm (D:4)
  A hobgoblin (D:4)
  3 kobolds (D:4)
5 creatures vanquished.

Table legend:
 A = Non-vault XP
 B = Vault XP
 C = Vault XP percentage of total XP
 D = Non-vault monster count
 E = Vault monster count
 F = Vault count percentage of total count
                 A         B        C        D         E       F
            +---------+---------+-------+---------+---------+-------
      Total |       9 |       0 |   0.0 |       5 |       0 |   0.0
            +---------+---------+-------+---------+---------+-------
        D:4 |       9 |       0 |   0.0 |       5 |       0 |   0.0
            +---------+---------+-------+---------+---------+-------

Illustrated notes

Table legend:
 A = Kills in this place as a percentage of kills in entire the game.
 B = Kills by you in this place as a percentage of kills by you in the entire game.
 C = Kills by friends in this place as a percentage of kills by friends in the entire game.
 D = Other kills in this place as a percentage of other kills in the entire game.
 E = Experience gained in this place as a percentage of experience gained in the entire game.
 F = Experience gained in this place divided by the number of levels of this place that you have seen.
                   A       B       C       D       E      F
               +-------+-------+-------+-------+-------+----------------------
         Total | 100.0 | 100.0 |   N/A |   N/A | 100.0 |   3.0
       Dungeon | 100.0 | 100.0 |   N/A |   N/A | 100.0 |   3.0
               +-------+-------+-------+-------+-------+----------------------

Table legend: (Time is in decaauts)
 A = Elapsed time spent in this place.
 B = Non-inter-level travel time spent in this place.
 C = Inter-level travel time spent in this place.
 D = Time resting spent in this place.
 E = Time spent auto-exploring this place.
 F = Levels seen in this place.
 G = Mean time per level.
                   A        B        C        D        E       F      G
               +--------+--------+--------+--------+--------+-----+--------+
         Total |    464 |    464 |      0 |    220 |    120 |   3 |  154.7 |
       Dungeon |    464 |    464 |      0 |    220 |    120 |   3 |  154.7 |
               +--------+--------+--------+--------+--------+-----+--------+

Top non-repeatable levels by time:
     D:4: 372 daAuts
     D:5: 83 daAuts
     D:6: 8 daAuts
